 Dungeon Crawl Stone Soup version 0.25-a0-598-gc9c9e4c (webtiles) character file.

Game seed: 7331396120368417696, levelgen mode: classic

8546 Cunctator the Fighter (level 11, -3/108 HPs)
             Began as a Minotaur Berserker on July 20, 2019.
             Was an Elder of Trog.
             Slain by a vampire
             ... wielding a +0 quarterstaff
              (12 damage)
             ... on level 9 of the Dungeon on Mar 15, 2020.
             The game lasted 00:53:15 (11067 turns).

Cunctator the Fighter (Minotaur Berserker)         Turns: 11067, Time: 00:53:15

Health: -3/108     AC: 17    Str: 26    XL:     11   Next: 11%
Magic:  0/10       EV: 10    Int:  4    God:    Trog [****..]
Gold:   372        SH:  0    Dex:  9    Spells: 10/10 levels left

rFire    + . .     SeeInvis .   Q - +0 hand axe (flame)
rCold    . . .     Gourm    .   (no shield)
rNeg     . . .     Faith    .   x - +1 plate armour {rF+}
rPois    .         Spirit   +   (helmet restricted)
rElec    .         Reflect  .   b - scarf {Spirit}
rCorr    .         Harm     .   E - +0 pair of gloves (curse)
MR       +....                  (no boots)
Stlth    ..........             (no amulet)
HPRegen  0.28/turn              t - ring of protection from magic
MPRegen  0.12/turn              (no ring)

@: very slightly contaminated, invisible
A: retaliatory headbutt, horns 2
a: Berserk, Trog's Hand, Brothers in Arms, Renounce Religion


You were on level 9 of the Dungeon.
You worshipped Trog.
Trog was greatly pleased with you.
You were very hungry.

You visited 1 branch of the dungeon, and saw 10 of its levels.

You collected 372 gold pieces.


Innate Abilities, Weirdness & Mutations

You reflexively headbutt those who attack you in melee.
You have a pair of horns on your head.


   Skills:
 + Level 13.8 Fighting
 - Level 6.0 Axes
 + Level 3.0 Bows
 - Level 3.3 Throwing
 + Level 10.7 Armour
 - Level 6.7 Dodging
 - Level 4.0 Shields


You had 10 spell levels left.
You didn't know any spells.
Your spell library was empty.

Inventory:

Hand Weapons
 i - a +0 hunting sling
 L - a +0 scythe
 Q - a +0 hand axe of flaming (weapon)
 R - a +2 shortbow of flaming
Missiles
 p - 193 stones (quivered)
 z - 3 boomerangs of dispersal {=f}
 A - 122 arrows
 D - 7 boomerangs
 M - 16 poisoned darts
Armour
 b - a scarf of spirit shield (worn)
 g - a scarf of cloud immunity
 h - a +0 scale mail
 j - a +0 pair of gloves
 l - a +0 leather armour
 x - a +1 plate armour of fire resistance (worn)
 B - a cursed +0 ring mail
 E - a cursed +0 pair of gloves (worn)
 F - a +0 buckler
 I - a +0 chain mail
Magical Staves
 P - an uncursed staff of wizardry {unknown}
Jewellery
 t - a ring of protection from magic (left hand)
Scrolls
 d - a scroll of immolation {unknown}
 e - 10 scrolls of identify {@r1}
 f - 3 scrolls of fog {unknown}
 m - 2 scrolls of enchant armour {unknown}
 o - a scroll of amnesia {unknown}
 q - 7 scrolls of remove curse {unknown}
 r - 5 scrolls of blinking {unknown}
 y - 4 scrolls of fear {unknown}
 C - 7 scrolls of teleportation {unknown}
 G - a scroll of magic mapping {unknown}
 N - a scroll of noise {unknown}
Potions
 a - a potion of haste {unknown}
 k - 2 potions of flight {unknown}
 n - a potion of lignification {unknown}
 s - a potion of resistance {unknown}
 u - a potion of heal wounds {unknown}
 v - a potion of magic {unknown}
 w - 2 potions of curing {@q1}
 H - a potion of might {unknown}
 J - a potion of ambrosia
 K - a potion of invisibility
Comestibles
 c - 16 rations

Dungeon Overview and Level Annotations

Branches:
Dungeon (10/15)            Temple (0/1) D:4            Lair (0/6) D:9
    Orc: D:9-12

Altars:
Fedhas
Kikubaaqudgha
Makhleb
Nemelex Xobeh
Uskayaw
Vehumet
Yredelemnul

Annotations:
D:6 3 runed translucent doors, Caerwyn's ghost, novice GnVM

..............[><.........≈≈≈≈...
..............▒▒.......≈≈≈≈≈≈≈≈..
..............▒▒.[<).............
▒........▒▒...▒........≈≈≈≈≈≈.≈..
▒..........▒▒▒▒........≈≈≈≈≈≈..≈.
▒..........▒ ▒..........≈≈≈≈.≈≈≈≈
▒..........▒ ▒....▒▒......≈.≈≈≈≈≈
▒..........▒▒▒....▒▒...≈.≈..≈≈≈≈≈
▒▒▒........▒....H.............≈≈≈
▒▒▒............................≈≈
...........(..[..w)[.............
....................>..[.........
.................)....>..........
..................▒....._....[...
.........▒........▒..............
...▒▒............▒▒.............▒
...▒▒............▒▒..........▒▒▒.


You could see a tyrant leech.


Message History

Annotate level on other end of current stairs?
New annotation for D:9 (include '!' for warning):
Okay, then.
Unknown command.
Press: ? - help, v - describe, . - travel, g - get item A +0 leather armour.
There is something else lying underneath.
The floor, spattered with blood.
Unknown command.
Your skin stops crawling.
You feel less resistant to hostile enchantments.
Something hits you but does no damage. Something completely misses you.
You hit something but do no damage. You barely miss the tyrant leech.
Something hits you!
* * * LOW HITPOINT WARNING * * *
Something bites you but does no damage. Something hits you.
* * * LOW HITPOINT WARNING * * *
Something bites you.
* * * LOW HITPOINT WARNING * * *
Something draws strength from your injuries!
Something hits you.
* * * LOW HITPOINT WARNING * * *
Something bites you but does no damage.
You see here a cursed -1 giant club.
There is a stone staircase leading up, spattered with blood here.
Something hits you!
You die...

Action                   |  1- 3 |  4- 6 |  7- 9 | 10-12 || total
-------------------------+-------+-------+-------+-------++-------
Melee: Hand axe          |    70 |    80 |   336 |   191 ||   677
       Headbutt          |     7 |    16 |    74 |    47 ||   144
 Fire: Shortbow          |       |       |       |    24 ||    24
Throw: Stone             |       |       |     4 |    29 ||    33
Invok: Berserk           |     3 |     4 |     5 |     4 ||    16
       Trog's Hand       |       |     1 |     2 |     2 ||     5
  Use: Potion            |       |       |     1 |     1 ||     2
       Scroll            |       |       |       |     1 ||     1
  Eat: Chunk             |     5 |     8 |    18 |    10 ||    41
       Ration            |       |       |     1 |     1 ||     2
Armor: Animal skin       |    12 |       |       |       ||    12
       Leather armour    |     4 |    17 |    20 |       ||    41
       Chain mail        |       |       |    61 |    54 ||   115
       Plate armour      |       |       |       |    67 ||    67
Dodge: Dodged            |    46 |    43 |   181 |   129 ||   399
Block: Buckler           |       |     8 |    73 |    26 ||   107

Levels and vault maps discovered:
D:1:      kennysheep_arrival_seaside, layout_loops_ring, minmay_door_square
D:2:      layout_loops_ring
D:3:      layout_basic, old_standard_altar, old_standard_altar,
          kennysheep_generic_room_10
D:4:      layout_basic, minmay_temple_entry_offerings, first_ration,
          hangedman_minor_gate_pass
D:5:      layout_cave_pods, marbit_many_paths
D:6:      layout_cave_pools, gammafunk_ghost_split, uniq_sigmund
D:7:      layout_basic, nicolae_overflow_hidden_temple, basic_altar,
          kennysheep_generic_room_16, uniq_joseph
D:8:      layout_basic, uniq_psyche
D:9:      layout_cross, kennysheep_little_box, overflow_temple_1_default,
          erik_lair_island, the_bakery, supply_closet_lemuel
D:10:     layout_small_grid, orc_0_dummy, serial_shops, shop,
          minmay_guarded_unrand_vampires_tooth, uniq_urug

Notes
Turn   | Place    | Note
-------+----------+-------------------------------------------
     0 | D:1      | Cunctator the Minotaur Berserker began the quest for the
                  | Orb.
     0 | D:1      | Reached XP level 1. HP: 19/19 MP: 0/0
   220 | D:1      | Reached skill level 4 in Fighting
   495 | D:1      | Reached XP level 2. HP: 27/27 MP: 1/1
   515 | D:1      | Reached skill level 3 in Armour
  1102 | D:2      | Reached XP level 3. HP: 34/34 MP: 2/2
  1594 | D:2      | Reached ** piety under Trog
  1619 | D:2      | Reached skill level 4 in Armour
  1928 | D:3      | Found a hide-covered altar of Uskayaw.
  2019 | D:3      | Reached skill level 5 in Fighting
  2019 | D:3      | Reached XP level 4. HP: 42/42 MP: 3/3
  2094 | D:3      | Found a sparkling altar of Nemelex Xobeh.
  2793 | D:4      | Reached skill level 1 in Shields
  2928 | D:4      | Reached XP level 5. HP: 35/48 MP: 4/4
  2959 | D:4      | Noticed an ogre
  2964 | D:4      | Killed an ogre
  2964 | D:4      | Reached skill level 6 in Fighting
  2964 | D:4      | Reached skill level 2 in Shields
  3016 | D:4      | Noticed an ogre
  3024 | D:4      | Killed an ogre
  3024 | D:4      | Reached skill level 3 in Shields
  3024 | D:4      | Reached XP level 6. HP: 58/58 MP: 5/5
  3037 | D:4      | Found a staircase to the Ecumenical Temple.
  3489 | D:5      | Entered Level 5 of the Dungeon
  3517 | D:5      | Found a basalt altar of Yredelemnul.
  3527 | D:5      | Reached skill level 4 in Shields
  3544 | D:5      | Noticed an ice beast
  3551 | D:5      | Killed an ice beast
  3551 | D:5      | Reached skill level 7 in Fighting
  3551 | D:5      | Reached skill level 5 in Armour
  3593 | D:5      | Reached XP level 7. HP: 50/66 MP: 6/6
  3698 | D:5      | Reached skill level 3 in Dodging
  4138 | D:5      | Reached skill level 8 in Fighting
  4264 | D:5      | Reached skill level 4 in Dodging
  4368 | D:5      | Reached *** piety under Trog
  4735 | D:6      | Noticed Sigmund
  4839 | D:6      | Reached XP level 8. HP: 66/75 MP: 7/7
  4856 | D:6      | Reached skill level 5 in Dodging
  4866 | D:6      | Reached skill level 9 in Fighting
  4927 | D:6      | Noticed Caerwyn's ghost (novice GnVM)
  4928 | D:6      | Found a runed translucent gate.
  4938 | D:6      | Found a runed translucent gate.
  4939 | D:6      | Found a runed translucent gate.
  4940 | D:6      | Noticed a two-headed ogre
  5023 | D:6      | Killed Sigmund
  5023 | D:6      | Reached skill level 6 in Dodging
  5511 | D:7      | Reached skill level 10 in Fighting
  5743 | D:7      | Reached skill level 1 in Throwing
  5772 | D:7      | Reached skill level 2 in Throwing
  5979 | D:7      | Noticed Joseph
  6002 | D:7      | Killed Joseph
  6002 | D:7      | Reached skill level 3 in Throwing
  6002 | D:7      | Reached XP level 9. HP: 59/86 MP: 8/8
  6329 | D:7      | Found a radiant altar of Vehumet.
  6422 | D:7      | Found a burning altar of Makhleb.
  6561 | D:7      | Reached skill level 11 in Fighting
  6979 | D:8      | Reached skill level 6 in Armour
  7130 | D:8      | Reached **** piety under Trog
  7470 | D:8      | Reached skill level 7 in Armour
  7795 | D:8      | Reached skill level 12 in Fighting
  7896 | D:8      | Noticed Psyche
  7909 | D:8      | Killed Psyche
  7909 | D:8      | Reached skill level 8 in Armour
  7967 | D:8      | Reached XP level 10. HP: 87/99 MP: 9/9
  7968 | D:8      | Upgraded the game from 0.24-a0-512-g2b48af3 to
                  | 0.25-a0-598-gc9c9e4c
  8401 | D:9      | Noticed a two-headed ogre
  8441 | D:9      | Found a blossoming altar of Fedhas.
  8512 | D:8      | Reached skill level 9 in Armour
  8688 | D:8      | Reached skill level 4 in Axes
  8901 | D:8      | Reached skill level 13 in Fighting
  8933 | D:9      | Noticed a two-headed ogre
  8948 | D:9      | Noticed a gargoyle
  8958 | D:8      | Killed a two-headed ogre
  8958 | D:8      | Reached skill level 5 in Axes
  9099 | D:9      | Killed a gargoyle
  9099 | D:9      | Reached skill level 10 in Armour
  9888 | D:9      | Reached skill level 6 in Axes
 10265 | D:9      | Found a staircase to the Lair.
 10391 | D:9      | Killed a two-headed ogre
 10391 | D:9      | Reached skill level 1 in Bows
 10462 | D:9      | Reached skill level 2 in Bows
 10597 | D:9      | Reached XP level 11. HP: 100/108 MP: 8/10
 10627 | D:9      | Found an ancient bone altar of Kikubaaqudgha.
 10670 | D:10     | Entered Level 10 of the Dungeon
 11049 | D:10     | Reached skill level 3 in Bows
 11064 | D:9      | HP: 8/108 [something (5)]
 11067 | D:9      | Slain by a vampire

Vanquished Creatures
  2 two-headed ogres
  Joseph (D:7)
  Psyche (D:8)
  A gargoyle (D:9)
  A komodo dragon (D:8)
  A troll (D:8)
  2 hippogriffs (D:8)
  Sigmund (D:6)
  A spriggan (D:9)
  A vampire (D:10)
  3 wyverns
  4 vampire mosquitoes
  2 water moccasins
  An orc warrior (D:9)
  3 sky beasts
  A black bear (D:8)
  An ice beast (D:5)
  A phantom (D:8)
  7 ogres
  3 wolves
  4 centaurs
  A crocodile (D:8)
  3 bullfrogs
  A wyvern skeleton (D:9)
  A scorpion (D:6)
  3 howler monkeys
  3 electric eels (D:9)
  A quasit (D:9)
  4 crimson imps
  A centaur zombie (D:8)
  3 bullfrog zombies
  7 hounds
  3 orc wizards
  3 bullfrog skeletons
  2 centaur skeletons
  4 orc priests
  A gnoll shaman (D:8)
  A jelly (D:7)
  2 iguanas
  8 worker ants
  A killer bee zombie (D:7)
  A howler monkey zombie (D:7)
  14 gnolls
  11 adders
  2 shadow imps
  2 oozes
  2 adder zombies
  2 adder skeletons (D:4)
  A worm (D:4)
  2 dart slugs
  A leopard gecko (D:2)
  21 orcs
  2 ball pythons
  3 bats
  5 giant cockroaches
  A goblin (D:2)
  8 hobgoblins
  6 jackals
  8 kobolds
  4 quokkas
  5 frilled lizards
  7 rats
203 creatures vanquished.
